Map: Thunderbird LE

Players

HellraiseR

  • Race: Protoss Protoss
  • Spawn Location: 11:00

Harstem - Winner!

  • Race: Protoss Protoss
  • League: Grandmaster
  • Spawn Location: 5:00

Event: NationWars 2019

VOD

Have the link to the VOD?

Description

Time

  • Played on: Nov. 16, 2019, 1:37 p.m.
  • Length: 13:35
Show
View Real Time Build Order
Export as new Build Order

HellraiseR Protoss 

Build Orders: Phoenix Opening 

Get SALT Encoding   

  12  0:00  Probe  
  13  0:12  Probe  
  14  0:17  Pylon  
  14  0:24  Probe (Chrono Boost)  
  15  0:36  Probe (Chrono Boost)  
  15  0:37  Gateway  
  16  0:44  Probe (Chrono Boost)  
  16  0:46  Assimilator  
  17  0:50  Probe  
  17  0:56  Assimilator  
  18  1:03  Probe (Chrono Boost)  
  19  1:08  Gateway  
  19  1:13  Probe (Chrono Boost)  
  19  1:18  Probe (Chrono Boost)  
  21  1:27  Cybernetics Core  
  21  1:29  Probe  
  22  1:35  Pylon  
  22  1:41  Probe  
  23  1:53  Probe  
  24  2:03  Stalker, Sentry, Warp Gate  
  24  2:06  Probe  
  29  2:09  Pylon  
  29  2:29  Stalker  
  31  2:32  Probe  
  32  2:37  Phoenix  
  32  2:44  Nexus  
  32  2:49  Sentry  
  32  2:50  Probe  
  34  2:59  Robotics Facility  
  34  3:06  Stalker  
  34  3:09  Probe  
  37  3:20  Pylon  
  37  3:21  Probe  
  38  3:33  Probe (Chrono Boost)  
  39  3:46  Probe (Chrono Boost)  
  39  3:47  Observer  
  41  3:51  Adept  
  41  3:52  Adept  
  41  3:55  Probe (Chrono Boost), Twilight Council  
  46  3:59  Probe (Chrono Boost)  
  48  4:06  Probe (Chrono Boost)  
  48  4:07  Probe (Chrono Boost)  
  49  4:12  Probe x2 (Chrono Boost)  
  49  4:16  Stalker x2  
  55  4:24  Probe  
  56  4:25  Blink (Chrono Boost), Probe  
  56  4:27  Pylon  
  57  4:36  Probe  
  57  4:37  Probe  
  59  4:39  Assimilator  
  59  4:48  Probe  
  59  4:49  Probe  
  59  4:50  Assimilator  
  61  4:57  Robotics Bay  
  61  5:00  Probe  
  61  5:01  Probe  
  61  5:05  Pylon  
  63  5:07  Forge  
  63  5:13  Probe  
  64  5:14  Stalker x2  
  64  5:15  Probe  
  64  5:20  Pylon  
  69  5:25  Probe  
  69  5:27  Probe  
  71  5:37  Gateway  
  71  5:38  Stalker  
  71  5:40  Gateway  
  73  5:43  Disruptor (Chrono Boost)  
  73  5:47  Protoss Ground Weapons Level 1  
  73  5:49  Stalker  
  76  5:54  Observer  
  74  5:58  Probe  
  74  6:00  Probe  
  74  6:02  Stalker  
  77  6:10  Nexus  
  77  6:21  Probe  
  77  6:22  Probe  
  82  6:25  Pylon  
  82  6:29  Colossus (Chrono Boost)  
  79  6:35  Probe, Gateway  
  86  6:41  Pylon  
  86  6:43  Probe  
  87  6:47  Probe  
  87  6:50  Stalker x2  
  92  6:56  Probe  
  92  6:58  Charge  
  92  6:59  Probe  
  94  7:05  Pylon  
  94  7:08  Probe  
  95  7:11  Pylon  
  95  7:15  Probe  
  102  7:22  Probe  
  103  7:23  Probe  
  103  7:27  Gateway  
  103  7:29  Probe  
  105  7:34  Probe, Assimilator  
  106  7:38  Disruptor (Chrono Boost)  
  106  7:39  Assimilator  
  106  7:41  Probe  
  106  7:42  Stalker x3  
  106  7:43  Stalker x2  
  114  7:55  Protoss Ground Weapons Level 2 (Chrono Boost), Probe x2  
  114  7:57  Photon Cannon, Gateway  
  116  7:59  Dark Shrine  
  116  8:05  Gateway  
  116  8:07  Disruptor (Chrono Boost)  
  116  8:08  Stalker x2  
  123  8:14  Probe  
  123  8:19  Stalker x2  
  120  8:27  Stalker  
  120  8:28  Stalker  
  124  8:36  Shield Battery  
  124  8:37  Shield Battery  
  124  8:38  Pylon  
  124  8:41  Disruptor (Chrono Boost)  
  123  8:57  Zealot x2  
  123  8:58  Zealot x4  
  124  9:11  Probe x2  
  124  9:12  Probe  
  124  9:14  Disruptor (Chrono Boost)  
  125  9:18  Zealot x3  
  125  9:22  Zealot  
  125  9:23  Zealot x4  
  140  9:25  Probe  
  140  9:28  Probe  
  140  9:31  Shadow Stride  
  140  9:42  Pylon  
  140  9:44  Pylon  
  140  9:51  Observer (Chrono Boost)  
  140  9:52  Pylon  
  141  9:53  Photon Cannon  
  141  9:54  Pylon, Photon Cannon  
  141  10:02  Nexus  
  141  10:03  Observer (Chrono Boost)  
  142  10:12  Pylon  
  142  10:13  Probe x2  
  144  10:18  Protoss Ground Weapons Level 3 (Chrono Boost)  
  144  10:19  Probe  
  144  10:21  Warp Prism (Chrono Boost)  
  147  10:34  Dark Templar x4  
  155  10:40  Observer  
  155  10:44  Dark Templar x3  
  155  10:47  Dark Templar  
  163  10:51  Disruptor (Chrono Boost)  
  166  10:58  Probe, Robotics Facility  
  166  11:02  Probe  
  166  11:03  Photon Cannon  
  168  11:07  Probe  
  168  11:10  Probe  
  170  11:14  Probe  
  170  11:15  Probe  
  170  11:17  Observer  
  172  11:20  Disruptor  
  172  11:26  Probe  
  173  11:33  Probe  
  173  11:34  Probe  
  173  11:37  Probe  
  164  11:51  Observer  
  164  11:52  Probe  
  165  11:55  Disruptor  
  165  11:57  Assimilator  
  165  11:59  Assimilator  
  168  12:02  Zealot x4  
  168  12:03  Zealot x3  
  179  12:11  Probe  
  179  12:13  Probe  
  179  12:15  Dark Templar  
  179  12:22  Probe  
  164  12:28  Probe  
  164  12:29  Probe  
  156  12:33  Probe  
  156  12:35  Zealot x5  
  156  12:38  Probe  
  156  12:41  Stalker  
  156  12:43  Disruptor (Chrono Boost), Probe  
  139  12:54  Probe  
  129  13:00  Zealot  
  129  13:01  Zealot x4  
  129  13:02  Probe  
  129  13:05  Probe  
  125  13:06  Zealot  
  125  13:07  Zealot  
Show
View Real Time Build Order
Export as new Build Order

Harstem Protoss - Winner!

Build Orders: Oracle Opening, Phoenix Opening, Zealot Archon 

Get SALT Encoding   

  12  0:00  Probe  
  13  0:13  Probe  
  14  0:17  Pylon  
  14  0:25  Probe (Chrono Boost)  
  15  0:37  Probe (Chrono Boost)  
  15  0:38  Gateway  
  16  0:44  Probe (Chrono Boost)  
  16  0:46  Assimilator  
  17  0:51  Probe  
  17  0:55  Assimilator  
  18  1:03  Probe  
  19  1:08  Gateway  
  19  1:15  Probe (Chrono Boost)  
  20  1:25  Cybernetics Core  
  21  1:26  Probe (Chrono Boost)  
  21  1:31  Probe (Chrono Boost)  
  22  1:37  Pylon  
  22  1:42  Probe  
  23  1:55  Probe  
  23  2:01  Stalker  
  26  2:03  Warp Gate  
  26  2:05  Pylon  
  26  2:09  Probe, Sentry  
  29  2:30  Oracle  
  29  2:38  Probe  
  29  2:39  Sentry  
  29  2:43  Nexus  
  32  2:48  Robotics Facility  
  32  2:53  Probe (Chrono Boost)  
  33  3:04  Pylon  
  33  3:05  Probe (Chrono Boost)  
  34  3:13  Probe (Chrono Boost)  
  34  3:16  Forge  
  34  3:19  Phoenix, Probe  
  35  3:24  Sentry  
  38  3:31  Probe  
  39  3:38  Immortal (Chrono Boost)  
  43  3:43  Probe  
  44  3:50  Shield Battery  
  44  3:51  Protoss Ground Weapons Level 1 (Chrono Boost)  
  44  3:55  Stalker  
  44  3:56  Probe  
  44  3:58  Probe  
  48  4:09  Probe  
  49  4:11  Probe  
  49  4:16  Immortal (Chrono Boost)  
  54  4:21  Probe  
  55  4:26  Pylon  
  55  4:29  Probe  
  56  4:37  Probe  
  57  4:41  Probe  
  58  4:47  Assimilator  
  58  4:49  Probe  
  58  4:51  Assimilator  
  58  4:52  Pylon, Warp Prism (Chrono Boost)  
  59  4:53  Probe  
  59  4:57  Twilight Council  
  62  5:01  Probe  
  62  5:02  Pylon  
  62  5:05  Probe  
  64  5:13  Probe  
  64  5:14  Pylon  
  65  5:18  Probe  
  66  5:23  Stargate  
  66  5:24  Stalker  
  68  5:32  Probe  
  69  5:37  Charge  
  69  5:44  Nexus  
  69  5:45  Probe  
  69  5:46  Probe  
  69  5:47  Stalker  
  73  5:56  Gateway  
  72  5:57  Probe  
  72  5:59  Gateway  
  72  6:01  Probe  
  74  6:05  Protoss Ground Weapons Level 2 (Chrono Boost)  
  74  6:09  Probe  
  75  6:13  Probe  
  76  6:22  Probe, Gateway  
  76  6:23  Phoenix (Chrono Boost)  
  79  6:25  Gateway  
  79  6:29  Templar Archives  
  79  6:31  Pylon  
  80  6:39  Gateway  
  79  6:40  Gateway  
  79  6:45  Probe  
  79  6:46  Immortal (Chrono Boost)  
  80  6:52  Probe  
  85  6:55  Phoenix (Chrono Boost)  
  85  6:57  Probe  
  88  7:04  Probe  
  88  7:06  High Templar  
  88  7:07  Pylon, High Templar  
  94  7:09  Probe  
  94  7:11  Archon  
  94  7:13  Zealot  
  94  7:15  Warp Prism (Chrono Boost)  
  99  7:17  Photon Cannon  
  99  7:18  Probe  
  99  7:20  Probe  
  99  7:22  High Templar x2  
  102  7:24  Probe  
  102  7:27  Archon  
  105  7:30  Probe  
  105  7:31  Assimilator  
  105  7:33  Robotics Bay  
  105  7:36  Probe x2, Assimilator  
  108  7:39  Photon Cannon  
  108  7:42  Probe  
  109  7:45  Zealot x2  
  109  7:48  Probe  
  109  7:50  Zealot x2  
  118  7:53  Pylon  
  118  7:58  High Templar  
  120  7:59  High Templar  
  122  8:06  Archon  
  122  8:10  Nexus  
  122  8:11  Pylon  
  122  8:13  Probe  
  121  8:26  Zealot x3  
  125  8:28  Disruptor (Chrono Boost), Zealot x3  
  125  8:31  Pylon  
  134  8:35  Pylon  
  130  8:53  Zealot x4  
  128  9:06  Phoenix  
  128  9:07  Disruptor (Chrono Boost), Protoss Ground Weapons Level 3 (Chrono Boost)  
  128  9:09  Probe x2  
  126  9:12  Blink  
  126  9:13  Zealot x2  
  133  9:17  Probe, Photon Cannon  
  133  9:20  Photon Cannon  
  133  9:23  Photon Cannon  
  134  9:24  Shield Battery  
  124  9:31  Phoenix  
  124  9:33  Warp Prism (Chrono Boost)  
  124  9:36  Robotics Facility  
  124  9:48  Dark Shrine  
  124  9:49  Gravitic Drive (Chrono Boost)  
  124  10:01  Disruptor (Chrono Boost)  
  124  10:04  Stalker x7  
  139  10:23  Stalker, Shield Battery  
  139  10:24  Shield Battery  
  139  10:26  Shield Battery  
  141  10:33  Observer (Chrono Boost)  
  141  10:34  Disruptor (Chrono Boost)  
  143  10:36  Probe  
  143  10:38  Stalker x5  
  143  10:40  Probe  
  143  10:42  Assimilator  
  155  10:43  Probe, Gravitic Boosters (Chrono Boost)  
  155  10:45  Pylon  
  155  10:46  Assimilator  
  155  10:47  Pylon  
  156  10:57  Fleet Beacon  
  159  11:00  Disruptor (Chrono Boost)  
  159  11:02  Pylon, Stargate  
  159  11:05  Probe  
  159  11:09  Stalker x2  
  159  11:10  Stalker, Photon Cannon  
  166  11:17  Disruptor (Chrono Boost)  
  167  11:22  Disruptor (Chrono Boost)  
  165  11:28  Stalker x2  
  165  11:29  Stalker x2  
  165  11:46  Observer  
  166  11:47  Stalker x4  
  166  11:52  Probe (Chrono Boost)  
  166  11:53  Photon Cannon  
  176  12:02  Zealot x4  
  184  12:11  Dark Templar x2  
  184  12:13  Zealot  
  188  12:19  Zealot  
  188  12:26  Probe x2  
  188  12:29  Probe  
  189  12:33  Photon Cannon  
  189  12:36  Stalker x5  
  192  12:38  Probe  
  192  12:41  Zealot  
  185  12:48  Observer  
  185  12:53  Dark Templar  
  185  12:58  Pylon, Nexus  
  153  13:07  Zealot x2  
  153  13:08  Zealot x6  
Tags
 
Add a new tag
Caveats
  • Supply blocks, unpowered buildings, or Contaminate may cause inaccurate times.
  • Supply counts are checked every 10 seconds.